 Dungeon Crawl Stone Soup version 0.31-a0-165-g3f4f80340b (webtiles) character file.

Game seed: 7006563781125901583

87 qw the Chopper (level 4, -1/28 HPs)
             Began as a Gargoyle Fighter on June 13, 2023.
             Slain by an orc
             ... wielding a +0 trident
              (4 damage)
             ... on level 3 of the Dungeon.
             The game lasted 00:00:47 (1564 turns).

qw the Chopper (Gargoyle Fighter)                   Turns: 1564, Time: 00:00:47

Health: -1/28      AC: 16    Str: 21    XL:     4   Next: 51%
Magic:  4/4        EV:  5    Int:  9    God:
Gold:   89         SH:  4    Dex:  9    Spells: 3/3 levels left

rFire   . . .        Y - +0 war axe
rCold   . . .        c - +0 buckler
rNeg    + . .        j - +0 plate armour
rPois   inf          o - +0 helmet
rElec   +            (no cloak)
rCorr   .            (no gloves)
SInv    .            (no boots)
Will    .....        i - amulet of regeneration Stlth
                     (no ring)
HPRegen 1.04/turn    (no ring)
MPRegen 0.09/turn

%: no passive effects
@: no status effects
A: sickness immunity, AC +3, negative energy resistance 1, electricity
resistance, torment resistance 1, petrification resistance
a: no special abilities


You were on level 3 of the Dungeon.
You visited 1 branch of the dungeon, and saw 3 of its levels.

You collected 89 gold pieces.


Innate Abilities, Weirdness & Mutations

You are immune to sickness and miasma.
Your stone body is resilient. (AC +3)
You are immune to poison.
You resist negative energy. (rN+)
You are resistant to electric shocks. (rElec)
You are resistant to unholy torment.
You are immune to petrification.


   Skills:
 - Level 3.2 Fighting
 + Level 4.2 Axes
 - Level 3.2 Armour
 - Level 3.2 Shields


You had 3 spell levels left.
You didn't know any spells.
Your spell library was empty.

Inventory:

Hand Weapons
 l - a +1 hammer of protection
 Y - a +0 war axe (weapon)
Armour
 c - a +0 buckler (worn)
 j - a +0 plate armour (worn)
 o - a +0 helmet (worn)
Jewellery
 i - an amulet of regeneration (around neck)
Potions
 a - 3 potions of degeneration {unknown}
 d - 2 potions of might
 f - a potion of attraction {unknown}
 g - a potion of haste
 h - a potion of heal wounds {unknown}
 n - a potion of mutation {unknown}
 p - a potion of lignification {unknown}

Dungeon Overview and Level Annotations

Branches:
Dungeon (3/15)

Altars:

Annotations:
D:2 1 runed translucent door, Crazy Yiuf


Message History

The bat hits you but does no damage.
The orc priest hits you from afar with a +0 trident.
The orc hits you but does no damage.
You slash the bat!
You kill the bat!
The orc priest barely misses you.
The orc hits you from afar with a +0 trident.
The orc hits you but does no damage.
The orc priest hits you but does no damage.
You block the orc's attack. The orc priest barely misses you.
You see here a +0 short sword.
Enter note:
Enter note:
Enter note: You hit the orc priest.
The orc priest is lightly wounded.
You closely miss the orc.
The orc priest hits you but does no damage.
The orc hits you with a +0 trident.
You closely miss the orc priest.
The orc priest is lightly wounded.
You hit the orc.
The orc priest hits you but does no damage.
The orc hits you with a +0 trident.
You slash the orc priest!
The orc priest is severely wounded.
You hit the orc but do no damage. You block the orc priest's attack.
You block the orc's attack. The orc hits you with a +0 trident.
The orc priest hits you but does no damage.
You hit the orc priest but do no damage.
The orc priest is severely wounded.
You barely miss the orc.
The orc priest invokes the aid of Beogh against you.
Beogh smites you! The orc barely misses you.
You hit the orc priest.
The orc priest is almost dead.
You hit the orc. You block the orc priest's attack.
The orc hits you with a +0 trident.
You die...

#.##... #.........#
#.##.## ##.........#
#####.##.## ...........#
#..>....... #..........#
#####....## #..........#
#.##### #..........
#......
.......).#########......
......o@.........%......
......o.................
.........#####.....#...#
.........# #.###.#....
........(# #.# #.###.#
.........# #.# ... ..
.?........ #.# ..#< #
.......... #.# ..### ..#


You could see an orc priest and an orc.

Vanquished Creatures
  Robin (D:2)
  2 adders (D:2)
  A worm (D:3)
  3 dart slugs
  2 orcs (D:3)
  A ball python (D:2)
  2 endoplasms
  2 giant cockroaches
  5 hobgoblins
  4 kobolds
  A quokka (D:1)
  3 bats
  4 frilled lizards (D:1)
  12 goblins
43 creatures vanquished.

Notes
Turn   | Place    | Note
-------+----------+-------------------------------------------
     0 | D:1      | qw the Gargoyle Fighter began the quest for the Orb.
     0 | D:1      | Reached XP level 1. HP: 14/14 MP: 1/1
     0 | D:1      | 0 ||| qw: Version: 0.2-a-29-gc1b59c4
     0 | D:1      | 0 ||| qw: Game counter: 4639
     0 | D:1      | 0 ||| qw: Always use a shield: true
     0 | D:1      | 0 ||| qw: God list: Okawaru
     0 | D:1      | 0 ||| qw: Allow faded altars: false
     0 | D:1      | 0 ||| qw: Do Orc after D:15 true
     0 | D:1      | 0 ||| qw: Do second Lair branch before Depths: true
     0 | D:1      | 0 ||| qw: Lair rune preference: random
     0 | D:1      | 0 ||| qw: Plans: Normal, Zot:1-4, Slime:5, God:TSO, Crypt,
                  | Tomb, Abyss, Pan, Hells, Win
     0 | D:1      | 0 ||| PLANNING D:1-11
    17 | D:1      | Found a faded altar of an unknown god.
    45 | D:1      | Reached skill level 2 in Axes
   137 | D:1      | 137 ||| DROPPING +0 club.
   407 | D:1      | Reached XP level 2. HP: 19/19 MP: 2/2
   603 | D:1      | 603 ||| UPGRADING to amulet of regeneration.
   608 | D:1      | 608 ||| READING scroll labelled DYCOGR BEEXO.
   636 | D:2      | 636 ||| STAIRDANCE
   673 | D:2      | Reached skill level 3 in Axes
   722 | D:2      | Reached XP level 3. HP: 23/23 MP: 3/3
   753 | D:2      | 753 ||| DROPPING +0 whip.
   762 | D:2      | 762 ||| DROPPING +0 hammer.
   765 | D:2      | Found a runed translucent door.
   766 | D:2      | Noticed Crazy Yiuf
   874 | D:2      | 874 ||| Stepping ~*~*~tactically~*~*~ (stealth).
   876 | D:2      | 876 ||| Stepping ~*~*~tactically~*~*~ (stealth).
  1188 | D:2      | 1188 ||| Stepping ~*~*~tactically~*~*~ (stealth).
  1191 | D:2      | Noticed Robin
  1193 | D:2      | 1193 ||| Stepping ~*~*~tactically~*~*~ (hiding).
  1209 | D:2      | Killed Robin
  1210 | D:2      | Reached XP level 4. HP: 28/28 MP: 4/4
  1214 | D:2      | Reached skill level 4 in Axes
  1414 | D:2      | 1414 ||| UPGRADING to +0 plate armour.
  1424 | D:2      | 1424 ||| DROPPING +0 scale mail.
  1425 | D:2      | 1425 ||| UPGRADING to +0 helmet.
  1430 | D:2      | 1430 ||| DROPPING ring of flight.
  1431 | D:2      | 1431 ||| READING 2 scrolls labelled EJEULO EXUEJOUNE.
  1432 | D:2      | 1432 ||| READING scroll labelled ZEGGIUT LYSAIRRE.
  1433 | D:2      | 1433 ||| READING scroll labelled HOFEPA XIZAKIO.
  1434 | D:2      | 1434 ||| DRINKING 2 bubbling red potions.
  1435 | D:2      | 1435 ||| DROPPING scroll of immolation.
  1563 | D:3      | HP: 2/28 [orc priest/divine providence (11)]
  1564 | D:3      | Slain by an orc

Levels and vault maps discovered:
D:1:      mrwooster_arrival_statue_2, layout_basic,
          dreamdust_ecumenical_altar_angels_and_demons
D:2:      layout_loops_cross, nicolae_figureground_pulse,
          uniq_crazy_yiuf_cottage, uniq_robin
D:3:      minmay_wonky_spiral, layout_basic, serial_shops, shop, uniq_jessica,
          uniq_grinder

Skill      XL: |  1  2  3  4 |
---------------+-------------+-----
Axes           | 2 3 4 |  4.2
Fighting       | |  3.2
Armour         | |  3.2
Shields        | |  3.2

Action                     |  1- 3 |  4- 6 || total
---------------------------+-------+-------++-------
  Melee: War axe           |    79 |    23 ||   102
    Use: Scroll            |     1 |     3 ||     4
         Potion            |       |     1 ||     1
 Armour: Scale mail        |    45 |     1 ||    46
         Plate armour      |       |    35 ||    35
  Dodge: Dodged            |    17 |    16 ||    33
  Block: Buckler           |    19 |    11 ||    30

Table legend:
 A = Non-vault XP
 B = Vault XP
 C = Vault XP percentage of total XP
 D = Non-vault monster count
 E = Vault monster count
 F = Vault count percentage of total count
                 A         B        C        D         E       F
            +---------+---------+-------+---------+---------+-------
      Total |      89 |      36 |  28.8 |      32 |      11 |  25.6
            +---------+---------+-------+---------+---------+-------
        D:1 |      15 |       0 |   0.0 |      10 |       0 |   0.0
        D:2 |      48 |      36 |  42.9 |      13 |      11 |  45.8
        D:3 |      26 |       0 |   0.0 |       9 |       0 |   0.0
            +---------+---------+-------+---------+---------+-------
